 Dungeon Crawl Stone Soup version 0.27.1-16-g815e20cd7a (webtiles) character file.

Game seed: 11720738893422244046

9 Descartes the Covert (level 2, 0/16 HPs)
             Began as a Spriggan Delver on Nov 22, 2021.
             Slain by an orc (2 damage)
             ... on level 5 of the Dungeon.
             The game lasted 00:01:06 (131 turns).

Descartes the Covert (Spriggan Delver)               Turns: 131, Time: 00:01:07

Health: 0/16       AC:  2    Str:  8    XL:     2   Next: 6%
Magic:  3/3        EV: 17    Int: 11    God:
Gold:   4          SH:  0    Dex: 16    Spells: 1/1 levels left

rFire    . . .     SeeInvis +   a - +0 short sword
rCold    . . .     Faith    .   (shield restricted)
rNeg     . . .     Spirit   .   b - +0 robe
rPois    .         Reflect  .   (helmet restricted)
rElec    .         Harm     .   (no cloak)
rCorr    .         Rampage  .   (gloves unavailable)
Will     .....                  (boots unavailable)
Stlth    ++........             (no amulet)
HPRegen  0.05/turn              (no ring)
MPRegen  0.08/turn              (no ring)

@: confused, hasted, very quick
A: very small, no large weapons, unfitting armour, see invisible, speed 3
a: no special abilities


You were on level 5 of the Dungeon.
You visited 1 branch of the dungeon, and saw 1 of its levels.

You collected 4 gold pieces.

Inventory:

Hand Weapons
 a - a +0 short sword (weapon)
Missiles
 i - 19 stones (quivered)
Armour
 b - a +0 robe (worn)
Wands
 g - a wand of digging (3)
Scrolls
 c - a scroll of fog
 d - a scroll of magic mapping
 e - a scroll of fear
 h - a scroll of teleportation {unknown}


   Skills:
 - Level 2.4 Fighting
 - Level 2.1 Short Blades
 - Level 2.6 Dodging
 + Level 8.0 Stealth


You had one spell level left.
You didn't know any spells.
Your spell library was empty.

Dungeon Overview and Level Annotations

Branches:
Dungeon (5/15)
 Temple: D:4-7

Altars:
Dithmenos

Annotations:
D:5 exclusion: white imp, Sigmund


Innate Abilities, Weirdness & Mutations

You are very small and have problems with some larger weapons.
You are too small for most types of armour.
You have supernaturally acute eyesight. (SInv)
You cover ground extremely quickly. (Speed+++)


Message History

You closely miss Sigmund.
Sigmund is almost dead.
Sigmund casts a spell at you.
You are more confused.
An orc comes into view. It is wielding a +0 whip.
An orc comes into view. It is wielding a +0 dagger.
You barely miss Sigmund.
Sigmund is almost dead.
Sigmund closely misses you. Sigmund misses you. Sigmund misses you.
A jackal comes into view.
The jackal barks!
Sigmund casts a spell at you. The puff of flame misses you.
Sigmund completely misses you.
You barely miss Sigmund.
Sigmund is almost dead.
The orc shouts!
Sigmund gestures at you while chanting. The puff of flame hits you.
You hit the orc but do no damage. Sigmund casts a spell at you.
The puff of flame hits you!
* * * LOW HITPOINT WARNING * * *
The orc hits you but does no damage.
You feel yourself speed up.
You feel less confused.
Sigmund points at you and mumbles some strange words.
You are confused.
The orc closely misses you. Sigmund barely misses you.
There is a shadowy altar of Dithmenos here.
You bump into the translucent rock wall.
The jackal closely misses you. The orc closely misses you.
You bump into the translucent rock wall.
The jackal bites you.
* * * LOW HITPOINT WARNING * * *
The orc hits you with a +0 whip.
You die...

### ##### #.. ....#####
#######.###..##...##
............##.....##
#######.##..#..@oho.#
.........#..#.#o@.#.#
......#..#....##.##.....
....#.#..#.....###|....#
.##.#.#..#..........#...#
...........#.#.....##...#
###.#.#..###......... ...
..................... .#
###.###.#####.........
....................


You could see Sigmund, 3 orcs and a jackal.

Vanquished Creatures
  An adder (D:5)
1 creature vanquished.

Notes
Turn   | Place    | Note
-------+----------+-------------------------------------------
     0 | D:5      | Descartes the Spriggan Delver began the quest for the Orb.
     0 | D:5      | Reached XP level 1. HP: 11/11 MP: 2/2
    42 | D:5      | Reached skill level 8 in Stealth
    42 | D:5      | Reached XP level 2. HP: 16/16 MP: 3/3
    96 | D:5      | Noticed Sigmund
   108 | D:5      | Found a shadowy altar of Dithmenos.
   131 | D:5      | Slain by an orc

Illustrated notes

Levels and vault maps discovered:
D:5:      layout_basic, nicolae_dithmenos_through_a_glass_darkly,
          minmay_ogre_servants, uniq_grinder, uniq_sigmund, uniq_pikel

Skill      XL: |  1 |
---------------+----+-----
Stealth        | 8 |  8.0
Fighting       | |  2.4
Short Blades   | |  2.1
Dodging        | |  2.6

Action                   || total
-------------------------++-------
Melee: Short sword       ||     8
  Use: Potion            ||     1
 Stab: Sleeping          ||     2
Armor: Robe              ||     1
Dodge: Dodged            ||    10
